[ AOE2 MATCH · #467757288 ]
UnrankedJapanese vs Gurjaras
[ REPLAY ANALYSIS · EXTRACTED FROM THE RECORDED GAME ]
Feudal
9:16
Castle
21:49
Imperial
—
| APM avg | 48.2 |
| APM peak | 84 |
| eAPM avg | 26.7 |
| Villagers / military | 92 / 37 |
Focus
⚔️ 41.9% · 🌾 58.1%
Cavalry Archer ×28 · Militia ×6 · Spearman ×2 · Archer ×1
Feudal
8:54
Castle
19:34
Imperial
—
| APM avg | 70.5 |
| APM peak | 125 |
| eAPM avg | 25.6 |
| Villagers / military | 133 / 109 |
Focus
⚔️ 34.5% · 🌾 65.5%
Shrivamsha Rider ×79 · Camel Scout ×18 · Scout Cavalry ×8 · Mangonel ×4
Feudal
8:54
Castle
24:10
Imperial
—
| APM avg | 33.2 |
| APM peak | 77 |
| eAPM avg | 19.4 |
| Villagers / military | 97 / 93 |
Focus
⚔️ 33.5% · 🌾 66.5%
Cavalry Archer ×56 · Archer ×36 · Spearman ×1
Feudal
9:38
Castle
22:44
Imperial
—
| APM avg | 42.1 |
| APM peak | 75 |
| eAPM avg | 19.2 |
| Villagers / military | 71 / 47 |
Focus
⚔️ 30.5% · 🌾 69.5%
Knight ×30 · Scout Cavalry ×16 · Monk ×1
Match map
Initial resources + every placement click. Lines = walls · curves = elevation contours. ◆ gold · ⬟ stone · ● berries · ✦ relic · ◌ wall gap
Your base· ✓ Closed at 21:49 · 34t walls · 1 gate(s)
djOwns's base· Open — 3t gap
KG3's base· Open — 3t gap
[La14] Tanke's base· ✓ Closed at 22:44 · 26t walls · 1 gate(s)
Smoothed initial terrain · ◌ = detected wall gap · hover for details
Inputs per minute
— __09_WAIRO_Arg - - djOwns
Build order — __09_WAIRO_Arg
First 150 of 267 actions detected
| 0:01 | Create | Villager (Male) |
| 0:02 | Create | Villager (Male) |
| 0:02 | Create | Villager (Male) |
| 0:02 | Create | Villager (Male) |
| 0:03 | Build | House |
| 0:04 | Build | House |
| 1:18 | Create | Villager (Male) |
| 1:59 | Create | Villager (Male) |
| 2:10 | Build | Lumber Camp |
| 2:24 | Create | Villager (Male) |
| 2:24 | Create | Villager (Male) |
| 2:25 | Create | Villager (Male) |
| 2:56 | Create | Villager (Male) |
| 3:30 | Build | House |
| 3:39 | Create | Villager (Male) |
| 3:39 | Create | Villager (Male) |
| 3:40 | Create | Villager (Male) |
| 4:15 | Create | Villager (Male) |
| 4:15 | Create | Villager (Male) |
| 4:56 | Create | Villager (Male) |
| 5:23 | Build | Barracks |
| 5:25 | Create | Villager (Male) |
| 5:38 | Create | Villager (Male) |
| 5:58 | Build | House |
| 6:36 | Research | Loom |
| 6:46 | Research | Feudal Age |
| 7:08 | Create | Militia |
| 7:35 | Build | House |
| 7:51 | Create | Militia |
| 8:14 | Build | Mining Camp |
| 8:20 | Build | Mill |
| 8:29 | Build | Mill |
| 8:31 | Create | Villager (Male) |
| 8:41 | Create | Militia |
| 9:16 | Age | Feudal Age |
| 9:19 | Research | Man-at-Arms (upgrade) |
| 9:54 | Create | Villager (Male) |
| 9:59 | Build | Palisade Wall |
| 10:01 | Build | Palisade Wall |
| 10:02 | Build | Palisade Wall |
| 10:07 | Create | Militia |
| 10:10 | Create | Villager (Male) |
| 10:13 | Build | Farm |
| 10:14 | Build | Farm |
| 10:15 | Build | Farm |
| 10:15 | Build | Farm |
| 10:15 | Build | Farm |
| 10:15 | Build | Farm |
| 10:16 | Build | Farm |
| 10:47 | Build | Farm |
| 10:50 | Build | House |
| 10:54 | Create | Villager (Male) |
| 10:57 | Create | Villager (Male) |
| 11:13 | Create | Villager (Male) |
| 11:31 | Build | Farm |
| 11:34 | Build | House |
| 11:35 | Build | Palisade Wall |
| 11:40 | Create | Villager (Male) |
| 11:43 | Create | Militia |
| 11:44 | Create | Spearman |
| 11:56 | Create | Spearman |
| 12:03 | Build | House |
| 12:12 | Create | Villager (Male) |
| 12:22 | Create | Villager (Male) |
| 12:31 | Build | Farm |
| 12:47 | Create | Villager (Male) |
| 13:03 | Build | House |
| 13:05 | Build | Palisade Wall |
| 13:06 | Build | Palisade Wall |
| 13:09 | Build | House |
| 13:22 | Build | Palisade Wall |
| 13:24 | Build | Palisade Wall |
| 13:26 | Build | Palisade Wall |
| 13:36 | Create | Villager (Male) |
| 13:44 | Create | Villager (Male) |
| 13:46 | Build | Palisade Wall |
| 13:50 | Create | Militia |
| 14:04 | Build | Palisade Wall |
| 14:06 | Build | Palisade Wall |
| 14:09 | Create | Villager (Male) |
| 14:11 | Build | Farm |
| 14:12 | Build | Farm |
| 14:26 | Create | Villager (Male) |
| 14:29 | Build | Farm |
| 14:54 | Build | Mining Camp |
| 15:29 | Create | Villager (Male) |
| 15:46 | Build | Lumber Camp |
| 15:53 | Create | Villager (Male) |
| 15:55 | Build | Farm |
| 15:58 | Build | Farm |
| 16:09 | Build | Palisade Gate |
| 16:11 | Build | Palisade Wall |
| 16:13 | Create | Villager (Male) |
| 16:24 | Build | Palisade Wall |
| 16:30 | Create | Villager (Male) |
| 16:58 | Build | House |
| 16:59 | Build | Palisade Wall |
| 17:19 | Build | Farm |
| 17:23 | Build | Farm |
| 17:36 | Create | Villager (Male) |
| 17:44 | Build | Blacksmith |
| 18:19 | Create | Villager (Male) |
| 18:28 | Research | Double-Bit Axe |
| 18:36 | Build | Archery Range |
| 18:38 | Create | Villager (Male) |
| 19:05 | Research | Castle Age |
| 19:06 | Research | Double-Bit Axe |
| 19:32 | Build | Archery Range |
| 19:34 | Build | House |
| 19:38 | Research | Fletching |
| 20:11 | Build | Farm |
| 20:16 | Research | Horse Collar |
| 20:34 | Research | Gold Mining |
| 20:39 | Build | Farm |
| 21:17 | Build | Palisade Wall |
| 21:21 | Create | Villager (Male) |
| 21:49 | Age | Castle Age |
| 21:51 | Create | Cavalry Archer |
| 21:51 | Create | Cavalry Archer |
| 21:52 | Create | Villager (Male) |
| 21:58 | Create | Villager (Male) |
| 22:01 | Build | Town Center |
| 22:04 | Create | Cavalry Archer |
| 22:04 | Create | Cavalry Archer |
| 22:11 | Create | Villager (Male) |
| 22:14 | Create | Cavalry Archer |
| 22:18 | Research | Bodkin Arrow |
| 22:31 | Create | Villager (Male) |
| 22:31 | Create | Villager (Male) |
| 22:42 | Create | Cavalry Archer |
| 22:42 | Create | Cavalry Archer |
| 22:42 | Create | Villager (Male) |
| 22:43 | Create | Villager (Male) |
| 22:53 | Create | Cavalry Archer |
| 23:09 | Create | Cavalry Archer |
| 23:20 | Create | Villager (Male) |
| 23:26 | Build | Town Center |
| 23:32 | Create | Cavalry Archer |
| 23:51 | Build | Farm |
| 23:52 | Build | Farm |
| 24:01 | Create | Villager (Male) |
| 24:04 | Create | Villager (Male) |
| 24:05 | Create | Villager (Male) |
| 24:05 | Create | Villager (Male) |
| 24:07 | Create | Cavalry Archer |
| 24:07 | Create | Cavalry Archer |
| 24:10 | Create | Villager (Male) |
| 24:10 | Create | Villager (Male) |
| 24:11 | Create | Cavalry Archer |
| 24:19 | Create | Cavalry Archer |
Build order — djOwns
First 150 of 362 actions detected
| 0:00 | Create | Villager (Male) |
| 0:00 | Create | Villager (Male) |
| 0:01 | Create | Villager (Male) |
| 0:01 | Create | Villager (Male) |
| 0:01 | Build | House |
| 0:02 | Build | House |
| 0:51 | Build | Mill |
| 1:29 | Create | Villager (Male) |
| 1:29 | Create | Villager (Male) |
| 2:06 | Create | Villager (Male) |
| 2:34 | Create | Villager (Male) |
| 2:34 | Create | Villager (Male) |
| 2:35 | Create | Villager (Male) |
| 2:56 | Create | Villager (Male) |
| 2:57 | Create | Villager (Male) |
| 2:57 | Create | Villager (Male) |
| 3:32 | Create | Villager (Male) |
| 3:32 | Create | Villager (Male) |
| 3:59 | Create | Villager (Male) |
| 4:03 | Build | House |
| 4:47 | Create | Villager (Male) |
| 4:47 | Create | Villager (Male) |
| 4:48 | Create | Villager (Male) |
| 5:07 | Create | Villager (Male) |
| 5:21 | Build | Lumber Camp |
| 5:37 | Create | Villager (Male) |
| 6:33 | Research | Feudal Age |
| 6:33 | Research | Feudal Age |
| 6:42 | Build | Mill |
| 7:37 | Build | Barracks |
| 8:07 | Create | Villager (Male) |
| 8:11 | Build | House |
| 8:31 | Create | Villager (Male) |
| 8:54 | Age | Feudal Age |
| 8:57 | Build | Stable |
| 9:16 | Research | Double-Bit Axe |
| 9:23 | Create | Villager (Male) |
| 9:29 | Research | Horse Collar |
| 9:29 | Research | Horse Collar |
| 9:43 | Create | Scout Cavalry |
| 9:44 | Create | Scout Cavalry |
| 9:46 | Build | Farm |
| 9:54 | Create | Villager (Male) |
| 9:56 | Build | House |
| 10:08 | Build | Farm |
| 10:14 | Build | Farm |
| 10:17 | Create | Scout Cavalry |
| 10:33 | Create | Villager (Male) |
| 10:35 | Build | Farm |
| 10:40 | Build | Farm |
| 10:51 | Build | House |
| 10:55 | Create | Villager (Male) |
| 11:00 | Build | Farm |
| 11:16 | Create | Villager (Male) |
| 11:24 | Build | House |
| 11:29 | Build | Farm |
| 11:32 | Create | Scout Cavalry |
| 11:43 | Create | Villager (Male) |
| 11:46 | Build | Farm |
| 11:55 | Build | Farm |
| 12:13 | Create | Villager (Male) |
| 12:16 | Build | Farm |
| 12:22 | Build | House |
| 12:24 | Build | Palisade Wall |
| 12:30 | Create | Villager (Male) |
| 12:31 | Create | Scout Cavalry |
| 12:39 | Create | Villager (Male) |
| 12:43 | Build | Farm |
| 13:03 | Create | Villager (Male) |
| 13:04 | Create | Scout Cavalry |
| 13:07 | Build | Farm |
| 13:26 | Create | Villager (Male) |
| 13:27 | Build | Farm |
| 13:33 | Create | Villager (Male) |
| 13:37 | Build | Farm |
| 13:56 | Create | Villager (Male) |
| 13:58 | Build | Farm |
| 14:11 | Create | Villager (Male) |
| 14:12 | Create | Scout Cavalry |
| 14:22 | Create | Villager (Male) |
| 14:23 | Build | Farm |
| 14:26 | Build | Farm |
| 14:27 | Create | Villager (Male) |
| 14:29 | Build | Mining Camp |
| 14:35 | Research | Loom |
| 14:40 | Research | Wheelbarrow |
| 15:02 | Build | Farm |
| 15:37 | Create | Villager (Male) |
| 15:38 | Create | Scout Cavalry |
| 16:02 | Build | Farm |
| 16:10 | Build | Blacksmith |
| 16:54 | Research | Castle Age |
| 16:54 | Research | Castle Age |
| 17:38 | Create | Camel Scout |
| 17:38 | Create | Camel Scout |
| 18:03 | Research | Gold Mining |
| 18:03 | Research | Gold Mining |
| 18:09 | Build | Stable |
| 18:16 | Research | Scale Barding Armor |
| 18:16 | Research | Scale Barding Armor |
| 18:33 | Research | Forging |
| 18:40 | Research | Bloodlines |
| 18:40 | Research | Bloodlines |
| 18:46 | Research | Forging |
| 19:08 | Create | Villager (Male) |
| 19:34 | Age | Castle Age |
| 19:35 | Create | Shrivamsha Rider |
| 19:35 | Create | Shrivamsha Rider |
| 19:35 | Create | Shrivamsha Rider |
| 19:35 | Create | Shrivamsha Rider |
| 19:42 | Build | Town Center |
| 19:46 | Create | Villager (Male) |
| 19:53 | Research | Bow Saw |
| 19:53 | Research | Bow Saw |
| 19:53 | Research | Bow Saw |
| 20:02 | Create | Shrivamsha Rider |
| 20:02 | Create | Shrivamsha Rider |
| 20:18 | Build | Farm |
| 20:20 | Build | Farm |
| 20:22 | Build | Farm |
| 20:25 | Create | Villager (Male) |
| 20:26 | Create | Villager (Male) |
| 20:29 | Create | Shrivamsha Rider |
| 20:29 | Create | Shrivamsha Rider |
| 20:29 | Create | Shrivamsha Rider |
| 20:35 | Build | House |
| 20:59 | Build | House |
| 21:13 | Create | Villager (Male) |
| 21:29 | Create | Shrivamsha Rider |
| 21:29 | Create | Shrivamsha Rider |
| 21:29 | Create | Shrivamsha Rider |
| 21:36 | Create | Villager (Male) |
| 21:50 | Create | Villager (Male) |
| 21:50 | Create | Villager (Male) |
| 21:55 | Create | Shrivamsha Rider |
| 21:55 | Create | Shrivamsha Rider |
| 21:55 | Create | Shrivamsha Rider |
| 22:01 | Create | Villager (Male) |
| 22:01 | Create | Villager (Male) |
| 22:04 | Build | Farm |
| 22:05 | Build | Farm |
| 22:06 | Build | Farm |
| 22:06 | Build | Farm |
| 22:06 | Build | Farm |
| 22:13 | Create | Villager (Male) |
| 22:13 | Create | Villager (Male) |
| 22:29 | Build | Farm |
| 22:35 | Create | Villager (Male) |
| 22:37 | Create | Shrivamsha Rider |
| 22:38 | Create | Shrivamsha Rider ×2 |
Build order — KG3
First 150 of 303 actions detected
| 0:02 | Create | Villager (Male) |
| 0:02 | Create | Villager (Male) |
| 0:03 | Build | House |
| 0:05 | Build | House |
| 0:07 | Create | Villager (Male) |
| 0:26 | Create | Villager (Male) |
| 0:26 | Create | Villager (Male) |
| 1:08 | Create | Villager (Male) |
| 1:28 | Create | Villager (Male) |
| 1:52 | Build | Lumber Camp |
| 2:08 | Create | Villager (Male) |
| 2:09 | Create | Villager (Male) |
| 2:18 | Create | Villager (Male) |
| 2:56 | Create | Villager (Male) |
| 2:56 | Create | Villager (Male) |
| 3:09 | Create | Villager (Male) |
| 3:12 | Build | House |
| 3:50 | Create | Villager (Male) |
| 3:50 | Create | Villager (Male) |
| 3:58 | Build | Mill |
| 4:02 | Create | Villager (Male) |
| 4:02 | Create | Villager (Male) |
| 4:54 | Create | Villager (Male) |
| 4:54 | Create | Villager (Male) |
| 5:11 | Create | Villager (Male) |
| 5:15 | Create | Villager (Male) |
| 6:16 | Research | Loom |
| 6:44 | Research | Feudal Age |
| 6:44 | Research | Feudal Age |
| 7:22 | Build | Mining Camp |
| 7:55 | Build | Barracks |
| 8:14 | Create | Villager (Male) |
| 8:54 | Age | Feudal Age |
| 8:59 | Build | Archery Range |
| 9:07 | Create | Villager (Male) |
| 9:17 | Build | Archery Range |
| 9:27 | Build | House |
| 9:32 | Create | Villager (Male) |
| 9:50 | Build | House |
| 9:57 | Build | Palisade Wall |
| 10:01 | Create | Spearman |
| 10:07 | Create | Villager (Male) |
| 10:13 | Create | Archer |
| 10:13 | Create | Archer |
| 10:16 | Create | Archer |
| 10:17 | Create | Archer |
| 10:22 | Build | Palisade Wall |
| 10:33 | Create | Villager (Male) |
| 10:48 | Create | Villager (Male) |
| 11:00 | Build | Blacksmith |
| 11:20 | Create | Archer |
| 11:20 | Create | Archer |
| 11:27 | Build | House |
| 11:48 | Create | Archer |
| 11:48 | Create | Archer |
| 11:59 | Create | Villager (Male) |
| 12:05 | Create | Archer |
| 12:05 | Create | Archer |
| 12:16 | Create | Villager (Male) |
| 12:37 | Research | Fletching |
| 12:38 | Research | Fletching |
| 12:52 | Create | Archer |
| 12:52 | Create | Archer |
| 12:53 | Create | Villager (Male) |
| 12:54 | Create | Villager (Male) |
| 13:04 | Build | House |
| 13:07 | Build | House |
| 13:12 | Create | Archer |
| 13:12 | Create | Archer |
| 13:12 | Create | Archer |
| 13:13 | Create | Archer |
| 13:13 | Create | Villager (Male) |
| 13:24 | Build | House |
| 13:28 | Build | House |
| 13:32 | Create | Archer |
| 13:32 | Create | Archer |
| 13:38 | Build | House |
| 13:45 | Create | Archer |
| 13:45 | Create | Archer |
| 14:08 | Build | Palisade Wall |
| 14:33 | Create | Villager (Male) |
| 14:35 | Create | Archer |
| 14:35 | Create | Archer |
| 14:50 | Create | Villager (Male) |
| 14:51 | Create | Archer |
| 14:51 | Create | Archer |
| 14:52 | Create | Archer |
| 14:55 | Create | Archer |
| 15:56 | Create | Archer |
| 15:56 | Create | Archer |
| 15:56 | Create | Villager (Male) |
| 15:57 | Create | Villager (Male) |
| 16:15 | Research | Horse Collar |
| 16:16 | Research | Horse Collar |
| 16:16 | Research | Horse Collar |
| 16:24 | Build | Market |
| 16:28 | Create | Archer |
| 16:47 | Create | Villager (Male) |
| 16:47 | Create | Villager (Male) |
| 16:54 | Build | Farm |
| 16:57 | Build | Farm |
| 17:28 | Create | Villager (Male) |
| 17:37 | Create | Archer |
| 17:37 | Create | Archer |
| 17:46 | Create | Villager (Male) |
| 17:50 | Build | Farm |
| 17:51 | Build | Farm |
| 17:51 | Build | Farm |
| 17:51 | Build | Farm |
| 17:51 | Build | Farm |
| 17:52 | Build | Farm |
| 17:52 | Build | Farm |
| 17:52 | Build | Farm |
| 17:52 | Build | Farm |
| 18:22 | Create | Archer |
| 18:22 | Create | Archer |
| 18:28 | Create | Villager (Male) |
| 18:32 | Build | Farm |
| 18:34 | Build | Farm |
| 18:44 | Build | Farm |
| 18:53 | Research | Wheelbarrow |
| 18:57 | Create | Archer |
| 18:57 | Create | Archer |
| 18:58 | Create | Archer |
| 19:32 | Research | Double-Bit Axe |
| 19:32 | Research | Double-Bit Axe |
| 19:38 | Build | Lumber Camp |
| 20:18 | Build | Palisade Gate |
| 20:23 | Create | Villager (Male) |
| 20:25 | Build | Mining Camp |
| 21:30 | Research | Castle Age |
| 21:30 | Research | Castle Age |
| 21:48 | Research | Padded Archer Armor |
| 21:48 | Research | Padded Archer Armor |
| 21:56 | Build | Stable |
| 22:08 | Research | Gold Mining |
| 22:08 | Research | Gold Mining |
| 23:33 | Build | Archery Range |
| 23:38 | Research | Bloodlines |
| 23:38 | Research | Bloodlines |
| 23:42 | Create | Villager (Male) |
| 24:10 | Age | Castle Age |
| 24:23 | Build | Town Center |
| 24:26 | Research | Hand Cart |
| 24:26 | Research | Hand Cart |
| 24:28 | Create | Cavalry Archer |
| 24:29 | Create | Cavalry Archer |
| 24:29 | Create | Cavalry Archer |
| 24:29 | Create | Cavalry Archer |
| 24:30 | Create | Cavalry Archer |
Build order — [La14] Tanke
First 150 of 215 actions detected
| 0:03 | Create | Villager (Male) |
| 0:03 | Create | Villager (Male) |
| 0:03 | Create | Villager (Male) |
| 0:05 | Build | House |
| 0:06 | Build | House |
| 0:18 | Create | Villager (Male) |
| 0:19 | Create | Villager (Male) |
| 1:32 | Create | Villager (Male) |
| 1:56 | Build | Lumber Camp |
| 2:02 | Create | Villager (Male) |
| 2:03 | Create | Villager (Male) |
| 2:21 | Create | Villager (Male) |
| 2:57 | Create | Villager (Male) |
| 3:11 | Create | Villager (Male) |
| 3:26 | Build | House |
| 3:29 | Build | House |
| 3:53 | Create | Villager (Male) |
| 3:53 | Create | Villager (Male) |
| 4:17 | Create | Villager (Male) |
| 4:18 | Create | Villager (Male) |
| 4:18 | Create | Villager (Male) |
| 4:29 | Create | Villager (Male) |
| 4:35 | Build | Palisade Wall |
| 4:49 | Create | Villager (Male) |
| 5:21 | Create | Villager (Male) |
| 5:45 | Build | Mill |
| 5:54 | Create | Villager (Male) |
| 5:54 | Create | Villager (Male) |
| 5:54 | Create | Villager (Male) |
| 6:07 | Build | Palisade Wall |
| 6:10 | Create | Villager (Male) |
| 6:10 | Create | Villager (Male) |
| 6:31 | Research | Loom |
| 7:28 | Build | Barracks |
| 7:28 | Research | Feudal Age |
| 8:28 | Build | Palisade Wall |
| 8:29 | Build | Palisade Wall |
| 8:38 | Build | Palisade Wall |
| 9:18 | Build | Palisade Wall |
| 9:38 | Age | Feudal Age |
| 9:41 | Build | Stable |
| 9:48 | Build | Palisade Wall |
| 10:01 | Create | Villager (Male) |
| 10:04 | Research | Double-Bit Axe |
| 10:11 | Build | House |
| 10:18 | Build | Palisade Wall |
| 10:20 | Create | Villager (Male) |
| 10:36 | Create | Villager (Male) |
| 10:37 | Create | Scout Cavalry |
| 10:39 | Create | Scout Cavalry |
| 10:56 | Build | House |
| 11:13 | Create | Scout Cavalry |
| 11:25 | Create | Villager (Male) |
| 11:30 | Build | House |
| 11:33 | Create | Scout Cavalry |
| 11:33 | Create | Scout Cavalry |
| 11:43 | Create | Villager (Male) |
| 11:45 | Create | Villager (Male) |
| 11:48 | Build | Farm |
| 11:49 | Build | Farm |
| 12:13 | Build | Blacksmith |
| 12:15 | Create | Villager (Male) |
| 12:15 | Create | Villager (Male) |
| 12:17 | Build | Farm |
| 12:36 | Create | Villager (Male) |
| 12:53 | Create | Scout Cavalry |
| 13:00 | Build | Farm |
| 13:14 | Build | Stable |
| 13:21 | Create | Villager (Male) |
| 13:24 | Build | Farm |
| 13:31 | Create | Villager (Male) |
| 13:43 | Create | Scout Cavalry |
| 13:44 | Create | Scout Cavalry |
| 13:52 | Build | Farm |
| 14:05 | Research | Scale Barding Armor |
| 14:11 | Build | Farm |
| 14:27 | Create | Scout Cavalry |
| 14:32 | Create | Scout Cavalry |
| 14:53 | Build | Mining Camp |
| 15:02 | Build | Farm |
| 15:04 | Build | Farm |
| 15:06 | Build | Farm |
| 15:11 | Create | Scout Cavalry |
| 15:12 | Create | Scout Cavalry |
| 15:35 | Build | Farm |
| 15:36 | Create | Villager (Male) |
| 15:38 | Build | Farm |
| 16:03 | Create | Scout Cavalry |
| 16:03 | Create | Scout Cavalry |
| 16:26 | Create | Villager (Male) |
| 16:27 | Create | Villager (Male) |
| 16:27 | Create | Villager (Male) |
| 16:42 | Create | Villager (Male) |
| 16:54 | Create | Villager (Male) |
| 17:48 | Build | House |
| 18:12 | Build | Farm |
| 18:13 | Build | Farm |
| 18:17 | Build | House |
| 18:38 | Build | Farm |
| 18:38 | Build | Farm |
| 18:40 | Build | Farm |
| 18:41 | Build | Farm |
| 18:49 | Build | Market |
| 18:51 | Build | House |
| 18:55 | Build | House |
| 19:10 | Build | Lumber Camp |
| 19:52 | Build | Palisade Gate |
| 20:04 | Research | Castle Age |
| 20:09 | Build | House |
| 20:11 | Build | House |
| 20:34 | Research | Gold Mining |
| 20:54 | Build | Watch Tower |
| 21:01 | Build | House |
| 21:04 | Build | House |
| 21:21 | Build | Palisade Wall |
| 21:32 | Build | House |
| 21:33 | Build | House |
| 21:40 | Build | Stone Wall |
| 21:56 | Build | House |
| 22:03 | Research | Fletching |
| 22:12 | Build | House |
| 22:14 | Create | Villager (Male) |
| 22:27 | Build | House |
| 22:30 | Build | House |
| 22:44 | Age | Castle Age |
| 22:54 | Build | Town Center |
| 23:01 | Build | House |
| 23:06 | Create | Knight |
| 23:11 | Build | House |
| 23:20 | Create | Scout Cavalry |
| 23:20 | Create | Scout Cavalry |
| 23:26 | Build | Palisade Wall |
| 23:37 | Create | Knight |
| 23:38 | Create | Villager (Male) |
| 24:01 | Create | Knight |
| 24:01 | Create | Knight |
| 24:02 | Create | Villager (Male) |
| 24:03 | Research | Forging |
| 24:50 | Build | Town Center |
| 25:04 | Build | House |
| 25:36 | Research | Stone Mining |
| 25:37 | Create | Villager (Male) |
| 25:37 | Create | Villager (Male) |
| 25:38 | Create | Villager (Male) |
| 25:40 | Create | Villager (Male) |
| 25:55 | Create | Villager (Male) |
| 26:06 | Create | Knight |
| 26:07 | Create | Knight |
| 26:09 | Create | Villager (Male) |
| 26:16 | Research | Bow Saw |
Match timeline
| 4:35 | [La14] Tanke · wall_segment Palisade Wall x7 |
| 5:23 | __09_WAIRO_Arg · first_building Barracks |
| 6:07 | [La14] Tanke · wall_segment Palisade Wall x4 |
| 7:28 | [La14] Tanke · first_building Barracks |
| 7:37 | djOwns · first_building Barracks |
| 7:55 | KG3 · first_building Barracks |
| 8:28 | [La14] Tanke · wall_segment Palisade Wall x1 |
| 8:29 | [La14] Tanke · wall_segment Palisade Wall x1 |
| 8:38 | [La14] Tanke · wall_segment Palisade Wall x1 |
| 8:54 | KG3 · age_up feudal |
| 8:54 | djOwns · age_up feudal |
| 8:57 | djOwns · first_building Stable |
| 8:59 | KG3 · first_building Archery Range |
| 9:16 | __09_WAIRO_Arg · age_up feudal |
| 9:18 | [La14] Tanke · wall_segment Palisade Wall x3 |
| 9:38 | [La14] Tanke · age_up feudal |
| 9:41 | [La14] Tanke · first_building Stable |
| 9:48 | [La14] Tanke · wall_segment Palisade Wall x6 |
| 9:57 | KG3 · wall_segment Palisade Wall x14 |
| 9:59 | __09_WAIRO_Arg · wall_segment Palisade Wall x1 |
| 10:01 | __09_WAIRO_Arg · wall_segment Palisade Wall x8 |
| 10:02 | __09_WAIRO_Arg · wall_segment Palisade Wall x2 |
| 10:18 | [La14] Tanke · wall_segment Palisade Wall x1 |
| 10:22 | KG3 · wall_segment Palisade Wall x4 |
| 11:35 | __09_WAIRO_Arg · wall_segment Palisade Wall x1 |
| 12:24 | djOwns · wall_segment Palisade Wall x3 |
| 13:05 | __09_WAIRO_Arg · wall_segment Palisade Wall x1 |
| 13:06 | __09_WAIRO_Arg · wall_segment Palisade Wall x1 |
| 13:22 | __09_WAIRO_Arg · wall_segment Palisade Wall x1 |
| 13:24 | __09_WAIRO_Arg · wall_segment Palisade Wall x1 |
| 13:26 | __09_WAIRO_Arg · wall_segment Palisade Wall x4 |
| 13:46 | __09_WAIRO_Arg · wall_segment Palisade Wall x1 |
| 14:04 | __09_WAIRO_Arg · wall_segment Palisade Wall x1 |
| 14:06 | __09_WAIRO_Arg · wall_segment Palisade Wall x1 |
| 14:08 | KG3 · wall_segment Palisade Wall x1 |
| 16:11 | __09_WAIRO_Arg · wall_segment Palisade Wall x7 |
| 16:24 | __09_WAIRO_Arg · wall_segment Palisade Wall x1 |
| 16:59 | __09_WAIRO_Arg · wall_segment Palisade Wall x7 |
| 18:06 | KG3 · first_market_buy 100 food |
| 18:36 | __09_WAIRO_Arg · first_building Archery Range |
| 19:34 | djOwns · age_up castle |
| 20:52 | KG3 · first_market_sell 100 wood |
| 21:17 | __09_WAIRO_Arg · wall_segment Palisade Wall x1 |
| 21:21 | [La14] Tanke · wall_segment Palisade Wall x1 |
| 21:40 | [La14] Tanke · wall_segment Stone Wall x1 |
| 21:49 | __09_WAIRO_Arg · age_up castle |
| 21:56 | KG3 · first_building Stable |
| 22:44 | [La14] Tanke · age_up castle |
| 22:51 | [La14] Tanke · first_market_buy 100 stone |
| 23:26 | [La14] Tanke · wall_segment Palisade Wall x1 |
| 24:10 | KG3 · age_up castle |
| 25:31 | __09_WAIRO_Arg · wall_segment Stone Wall x1 |
| 25:33 | __09_WAIRO_Arg · wall_segment Stone Wall x4 |
| 25:37 | __09_WAIRO_Arg · wall_segment Stone Wall x1 |
| 27:10 | __09_WAIRO_Arg · wall_segment Stone Wall x1 |
| 27:11 | __09_WAIRO_Arg · wall_segment Stone Wall x1 |
| 27:15 | [La14] Tanke · first_building Monastery |
| 28:03 | __09_WAIRO_Arg · wall_segment Stone Wall x1 |
| 28:12 | __09_WAIRO_Arg · wall_segment Stone Wall x1 |
| 28:29 | __09_WAIRO_Arg · first_building Stable |
| 29:45 | djOwns · first_building Siege Workshop |
| 30:38 | __09_WAIRO_Arg · wall_segment Palisade Wall x1 |
| 30:40 | __09_WAIRO_Arg · wall_segment Stone Wall x1 |
| 30:42 | __09_WAIRO_Arg · wall_segment Stone Wall x1 |
| 34:19 | djOwns · first_building Castle |
| 34:28 | KG3 · wall_segment Palisade Wall x1 |
| 34:36 | [La14] Tanke · first_building Siege Workshop |
| 35:24 | __09_WAIRO_Arg · resign |
[ AI ANALYSIS · 1 CREDIT ]
What really happened in this match?
Wolo.gg analyzes every decision: build order, eco, micro, common mistakes by bracket. Personalized analysis on WhatsApp or Discord in 30 seconds.
Civ guide
Japanese
Perfil
Jugador #3460005